 Dungeon Crawl Stone Soup version 0.27-a0-1065-ge809cff456 (webtiles) character file.

Game seed: 7179723062685747253

16247 flotson the Covert (level 12, -2/97 HPs)
             Began as a Gnoll Delver on Apr 23, 2021.
             Was an Initiate of Gozag.
             Slain by a nine-headed hydra (13 damage)
             ... on level 2 of the Lair of Beasts.
             The game lasted 00:32:07 (13261 turns).

flotson the Covert (Gnoll Delver)                  Turns: 13261, Time: 00:32:08

Health: -2/97      AC: 19    Str: 19    XL:     12   Next: 35%
Magic:  12/22      EV: 17    Int: 16    God:    Gozag
Gold:   841        SH:  8    Dex: 13    Spells: 8/25 levels left

rFire    . . .     SeeInvis .   b - +0 fustibalus
rCold    . . .     Faith    .   z - +2 buckler
rNeg     + . .     Spirit   .   O - +9 scale mail of Wu Jian's Generosity {rN+ Will+ rCorr Str-2 Int+4}
rPois    .         Reflect  .   (no helmet)
rElec    .         Harm     .   w - +0 cloak
rCorr    +         Rampage  .   j - +0 pair of gloves
Will     +....                  (no boots)
Stlth    +++.......             (no amulet)
HPRegen  0.26/turn              F - +6 ring of strength
MPRegen  0.18/turn              p - +4 ring of evasion

@: hasted, very quick
A: fangs 1, strong nose, distributed training
a: Renounce Religion, Potion Petition, Call Merchant, Bribe Branch


You were on level 2 of the Lair of Beasts.
You worshipped Gozag.
Gozag was pleased with you.
You visited 3 branches of the dungeon, and saw 15 of its levels.

You collected 1936 gold pieces.
You spent 279 gold pieces at shops.
You paid 816 gold pieces to Gozag.

Inventory:

Hand Weapons
 a - the +3 hand axe of Tifotot {drain, rPois Stlth+}
   (You found it on level 5 of the Dungeon)

   A truly terrible weapon, it drains the life of those it strikes.
   It protects you from poison.
   It makes you more stealthy.
 b - a +0 fustibalus (weapon)
Missiles
 n - 8 boomerangs
 C - 7 curare-tipped darts
 D - 76 poisoned darts
 I - 42 sling bullets (quivered ammo)
Armour
 j - a +0 pair of gloves (worn)
 w - a +0 cloak (worn)
 z - a +2 buckler (worn)
 M - +0 shadow dragon scales
 O - the +9 scale mail of Wu Jian's Generosity (worn) {rN+ Will+ rCorr Str-2 Int+4}
   (You found it on level 7 of the Dungeon)

   It affects your strength (-2).
   It affects your intelligence (+4).
   It protects you from negative energy.
   It protects you from acid and corrosion.
   It increases your willpower.
Jewellery
 p - a +4 ring of evasion (right hand)
 y - a ring of ice
 F - a +6 ring of strength (left hand)
Wands
 e - a wand of polymorph (6)
 g - a wand of digging (9)
 r - a wand of iceblast (10)
 K - a wand of flame (18)
Scrolls
 c - 4 scrolls of fog
 h - 2 scrolls of enchant weapon {unknown}
 m - 3 scrolls of noise {unknown}
 o - 5 scrolls of immolation
 q - 4 scrolls of silence {unknown}
 t - 3 scrolls of blinking {unknown}
 u - a scroll of acquirement {unknown}
 v - a scroll of enchant armour {unknown}
 x - 3 scrolls of vulnerability {unknown}
 A - 8 scrolls of teleportation {unknown}
 G - a scroll of summoning {unknown}
 J - a scroll of amnesia {unknown}
 L - a scroll of magic mapping
 P - 2 scrolls of brand weapon {unknown}
Potions
 d - a potion of might
 f - a potion of haste
 i - 2 potions of mutation
 k - a potion of cancellation
 l - 9 potions of curing
 s - 3 potions of attraction
 B - 2 potions of flight
 E - 2 potions of berserk rage
 H - 3 potions of heal wounds


   Skills:
 + Level 9.8 Fighting
 + Level 7.2 Short Blades
 + Level 7.2 Long Blades
 + Level 7.2 Axes
 + Level 7.2 Maces & Flails
 + Level 8.6 Polearms
 + Level 7.2 Staves
 + Level 7.2 Slings
 + Level 7.2 Bows
 + Level 7.2 Crossbows
 + Level 7.2 Throwing
 + Level 7.2 Armour
 + Level 8.6 Dodging
 + Level 11.7 Stealth
 + Level 7.2 Shields
 + Level 7.2 Unarmed Combat
 + Level 7.2 Spellcasting
 + Level 6.0 Conjurations
 + Level 6.0 Hexes
 + Level 6.0 Summonings
 + Level 6.0 Necromancy
 + Level 6.0 Translocations
 + Level 6.0 Transmutations
 + Level 6.0 Fire Magic
 + Level 6.0 Ice Magic
 + Level 6.0 Air Magic
 + Level 6.0 Earth Magic
 + Level 6.0 Poison Magic
 + Level 7.9 Invocations
 + Level 7.2 Evocations


You had 8 spell levels left.
You knew the following spells:

 Your Spells              Type           Power      Damage    Failure   Level
a - Mephitic Cloud        Conj/Pois/Air  25%        N/A       9%          3
b - Ignite Poison         Fire/Tmut/Pois 25%        N/A       9%          3
c - Call Imp              Summ           25%        N/A       4%          2
d - Call Canine Familiar  Summ           25%        N/A       9%          3
e - Confusing Touch       Hex            25%        N/A       9%          3
f - Summon Guardian Gole  Hex/Summ       25%        N/A       9%          3

Your spell library contained the following spells:

 Spells                   Type           Power      Damage    Failure   Level
 Corona                   Hex            27%        N/A       2%          1
 Foxfire                  Conj/Fire      100%       2x1d9     2%          1
 Sting                    Tmut/Pois      100%       1d8       2%          1
 Summon Small Mammal      Summ           100%       N/A       2%          1
 Poisonous Vapours        Pois/Air       50%        N/A       4%          2
 Slow                     Hex            25%        N/A       4%          2
 Conjure Flame            Conj/Fire      25%        6-21      9%          3
 Gell's Gravitas          Tloc           12%        N/A       9%          3
 Inner Flame              Hex/Fire       25%        N/A       9%          3
 Portal Projectile        Hex/Tloc       50%        N/A       9%          3
 Cause Fear               Hex            12%        N/A       26%         4
 Leda's Liquefaction      Hex/Erth       12%        N/A       26%         4
 Olgreb's Toxic Radiance  Pois           25%        N/A       26%         4
 Petrify                  Tmut/Erth      25%        N/A       26%         4
 Sticky Flame             Conj/Fire      25%        2d5       26%         4
 Summon Ice Beast         Ice/Summ       25%        N/A       26%         4
 Summon Lightning Spire   Summ/Air       25%        N/A       26%         4
 Fireball                 Conj/Fire      12%        3d7       58%         5
 Metabolic Englaciation   Hex/Ice        12%        N/A       58%         5
 Yara's Violent Unravell  Hex/Tmut       12%        3d7       58%         5


Dungeon Overview and Level Annotations

Branches:
Dungeon (11/15)            Temple (1/1) D:6            Lair (3/6) D:10
 Spider (0/4) Lair:2
  Swamp: Lair:2-4    Shoals: Lair:2-4       Orc: D:9-12

Altars:
Ashenzari
Cheibriados
Elyvilon
Fedhas
Gozag
Hepliaklqana
Kikubaaqudgha
Makhleb
Nemelex Xobeh
Okawaru
Qazlal
Ru
Sif Muna
Trog
Uskayaw
Vehumet
Wu Jian
Yredelemnul
Zin
The Shining One

Shops:
D:5 [**   D:11 =

Annotations:
D:11 Erolcha, Maurice


Innate Abilities, Weirdness & Mutations

You have very sharp teeth.
Your uncanny sense of smell can sniff out nearby items.
Your experience applies equally to all skills.


Message History

The nine-headed hydra closely misses you.
The nine-headed hydra misses you. The nine-headed hydra bites you.
The nine-headed hydra closely misses you.
You block the nine-headed hydra's attack.
The nine-headed hydra closely misses you.
You block the nine-headed hydra's attack.
The nine-headed hydra bites you!
The nine-headed hydra bites you but does no damage.
Your hound bites the nine-headed hydra.
Send 'em back where they came from!
Your hound shudders.
Your hound bites the nine-headed hydra.
Casting: Call Canine Familiar (dangerous; 9% risk of failure)
Confirm with . or Enter, or press ? or * to list all spells.
A guardian golem appears, shielding your allies.
Your hound bites the nine-headed hydra.
The nine-headed hydra closely misses you.
The nine-headed hydra bites you! x2; The nine-headed hydra bites you.
* * * LOW HITPOINT WARNING * * *
The nine-headed hydra bites you but does no damage.
The nine-headed hydra bites you.
* * * LOW HITPOINT WARNING * * *
The nine-headed hydra barely misses you.
You block the nine-headed hydra's attack.
The nine-headed hydra bites you but does no damage.
Your hound bites the nine-headed hydra.
The nameless horror hits your guardian golem.
Your hound bites the nine-headed hydra.
You feel yourself speed up. The nine-headed hydra bites you!
* * * LOW HITPOINT WARNING * * *
The nine-headed hydra completely misses you.
The nine-headed hydra bites you but does no damage.
The nine-headed hydra closely misses you.
You block the nine-headed hydra's attack.
The nine-headed hydra bites you!
* * * LOW HITPOINT WARNING * * *
The nine-headed hydra bites you but does no damage.
The nine-headed hydra closely misses you.
The nine-headed hydra bites you!
You die...
Your body crumbles into a pile of gold.

........#........#.# #######..##
................#########^#.##..P
.............^.######.+.>.'^##..#
#.####.#...#..###.##..≈.^.≈..##.#
#########.##.####..#..≈≈≈≈≈.^##..
#...####....###.#.##..#.≈#...##..
..<...##..........###.#...^.###.#
.....###.....Xh.....#.###.:.#^...
.....# #....#.8D@..^#.#.##^.#...#
.##P## ##########.#...^[^##^..#.#
## ## ##..^.#.#^.^....#
####.#.....#..## ############


You could see a nine-headed hydra (ally target), a nameless horror, a friendly
guardian golem (summoned) and a friendly hound (summoned, sheltered).

Vanquished Creatures
  4 hydras
  A two-headed ogre (D:11)
  Pikel (D:8)
  An orb spider (Lair:2)
  3 black mambas (Lair:1)
  5 elephants (Lair:3)
  A centaur zombie (D:6)
  A gargoyle (D:11)
  2 cane toads (Lair:2)
  3 rime drakes
  A troll (D:9)
  A meliai zombie (D:10)
  7 yaks
  Sigmund (D:3)
  2 wyverns
  A basilisk (Lair:3)
  A shadow (D:11)
  A wraith (D:11)
  A steam dragon (D:9)
  5 water moccasins
  4 ice beasts
  2 black bears
  An orc warrior (D:9)
  A sky beast (D:5)
  2 necrophages
  7 ogres
  A wolf (Lair:2)
  4 centaurs
  A lemure (D:8)
  A kobold brigand (D:10)
  A gnoll sergeant (D:10)
  4 bullfrogs
  5 scorpions
  A water moccasin skeleton (D:4)
  15 killer bees
  4 wights (D:7)
  3 howler monkeys (D:10)
  2 jellies
  2 hounds
  Crazy Yiuf (D:2)
  3 orc priests
  A centaur skeleton (D:4)
  Jessica (D:2)
  3 iguanas
  Terence (D:3)
  3 orc wizards
  Natasha (thrice) (D:3)
  2 killer bee zombies
  A howler monkey zombie (D:9)
  7 adders
  12 gnolls
  A howler monkey skeleton (D:4)
  A shadow imp (D:8)
  A white imp (D:6)
  3 worms
  A dart slug (D:1)
  21 orcs
  8 endoplasms
  4 giant cockroaches
  4 hobgoblins
  12 jackals
  8 kobolds
  2 quokkas
  9 ball pythons
  6 bats
  A frilled lizard (D:1)
  4 goblins
  4 rats
232 creatures vanquished.

Vanquished Creatures (collateral kills)
  A water moccasin (Lair:1)
1 creature vanquished.

Vanquished Creatures (others)
  A vampire (D:10)
  A bullfrog (Lair:3)
  28 fungi
  24 plants
54 creatures vanquished.

Grand Total: 287 creatures vanquished

Notes
Turn   | Place    | Note
-------+----------+-------------------------------------------
     0 | D:5      | Reached skill level 9 in Stealth
     0 | D:5      | flotson the Gnoll Delver began the quest for the Orb.
     0 | D:5      | Reached XP level 1. HP: 23/23 MP: 1/1
    27 | D:5      | Noticed an ogre
   117 | D:4      | Reached XP level 2. HP: 24/29 MP: 2/2
   343 | D:4      | Reached skill level 1 in Short Blades
   343 | D:4      | Reached skill level 1 in Long Blades
   343 | D:4      | Reached skill level 1 in Axes
   343 | D:4      | Reached skill level 1 in Maces & Flails
   343 | D:4      | Reached skill level 1 in Staves
   343 | D:4      | Reached skill level 1 in Slings
   343 | D:4      | Reached skill level 1 in Bows
   343 | D:4      | Reached skill level 1 in Crossbows
   343 | D:4      | Reached skill level 1 in Throwing
   343 | D:4      | Reached skill level 1 in Armour
   343 | D:4      | Reached skill level 1 in Shields
   343 | D:4      | Reached skill level 1 in Unarmed Combat
   343 | D:4      | Reached skill level 1 in Spellcasting
   343 | D:4      | Reached skill level 1 in Invocations
   343 | D:4      | Reached skill level 1 in Evocations
   343 | D:4      | Reached XP level 3. HP: 35/35 MP: 2/4
   343 | D:4      | Reached XP level 4. HP: 41/41 MP: 2/5
   526 | D:4      | Noticed an ogre
   531 | D:4      | Killed an ogre
   532 | D:4      | Reached skill level 1 in Conjurations
   532 | D:4      | Reached skill level 1 in Hexes
   532 | D:4      | Reached skill level 1 in Summonings
   532 | D:4      | Reached skill level 1 in Necromancy
   532 | D:4      | Reached skill level 1 in Translocations
   532 | D:4      | Reached skill level 1 in Transmutations
   532 | D:4      | Reached skill level 1 in Fire Magic
   532 | D:4      | Reached skill level 1 in Ice Magic
   532 | D:4      | Reached skill level 1 in Air Magic
   532 | D:4      | Reached skill level 1 in Earth Magic
   532 | D:4      | Reached skill level 1 in Poison Magic
   532 | D:4      | Reached XP level 5. HP: 26/47 MP: 5/7
   620 | D:4      | You fall into a shaft and drop 1 floor!
   624 | D:5      | Noticed a water moccasin
   627 | D:5      | Killed a water moccasin
   628 | D:5      | Reached XP level 6. HP: 53/53 MP: 8/8
   632 | D:5      | Found Carope's Serpentskin Sales.
   692 | D:4      | Noticed a necrophage
   813 | D:4      | Reached skill level 5 in Polearms
   813 | D:4      | Reached skill level 5 in Dodging
   974 | D:4      | Killed a necrophage
   975 | D:4      | Reached XP level 7. HP: 54/59 MP: 10/10
   998 | D:4      | Found a white marble altar of Elyvilon.
  1001 | D:3      | Noticed Terence
  1596 | D:1      | Found a faded altar of an unknown god.
  1860 | D:2      | Noticed Jessica
  1869 | D:2      | Killed Jessica
  2233 | D:2      | Found a runed translucent door.
  2234 | D:2      | Noticed Crazy Yiuf
  2242 | D:2      | Killed Crazy Yiuf
  2327 | D:3      | Noticed Natasha
  2334 | D:3      | Killed Natasha
  2341 | D:3      | Noticed Natasha
  2357 | D:3      | Killed Natasha
  2397 | D:3      | Noticed Natasha
  2418 | D:3      | Killed Natasha
  2579 | D:3      | Killed Terence
  2637 | D:3      | Noticed Sigmund
  2646 | D:3      | Killed Sigmund
  2647 | D:3      | Reached skill level 10 in Stealth
  2647 | D:3      | Reached XP level 8. HP: 61/67 MP: 12/12
  2685 | D:3      | Found an iron altar of Okawaru.
  2985 | D:4      | Found a glowing golden altar of the Shining One.
  3182 | D:5      | Identified the +3 hand axe of Tifotot {drain, rPois Stlth+}
  3400 | D:5      | Found Jole Fut's Lightly-Used Armoury.
  3460 | D:5      | Bought 7 curare-tipped darts for 42 gold pieces
  3757 | D:5      | Reached XP level 9. HP: 73/73 MP: 14/14
  3814 | D:5      | Found Uvabuirghui's Antique Armour Shop.
  4084 | D:6      | Found a staircase to the Ecumenical Temple.
  4092 | Temple   | Entered the Ecumenical Temple
  4174 | Temple   | Became a worshipper of Gozag Ym Sagoz the Greedy
  4201 | D:6      | Found a hazy altar of Hepliaklqana.
  4202 | D:6      | Found a hide-covered altar of Uskayaw.
  4203 | D:6      | Found a shimmering blue altar of Sif Muna.
  4684 | D:5      | Bought a pair of jewelled boots for 237 gold pieces
  4684 | D:5      | Identified the -4 pair of boots "Zoph" {Dex+2 Stlth+} (You
                  | bought it in a shop on level 5 of the Dungeon)
  5252 | D:7      | Reached skill level 5 in Invocations
  5478 | D:7      | Reached XP level 10. HP: 74/80 MP: 17/17
  5602 | D:7      | Reached skill level 5 in Short Blades
  5602 | D:7      | Reached skill level 5 in Long Blades
  5602 | D:7      | Reached skill level 5 in Axes
  5602 | D:7      | Reached skill level 5 in Maces & Flails
  5602 | D:7      | Reached skill level 5 in Staves
  5602 | D:7      | Reached skill level 5 in Slings
  5602 | D:7      | Reached skill level 5 in Bows
  5602 | D:7      | Reached skill level 5 in Crossbows
  5602 | D:7      | Reached skill level 5 in Throwing
  5602 | D:7      | Reached skill level 5 in Armour
  5602 | D:7      | Reached skill level 5 in Shields
  5602 | D:7      | Reached skill level 5 in Unarmed Combat
  5602 | D:7      | Reached skill level 5 in Spellcasting
  5602 | D:7      | Reached skill level 5 in Evocations
  5710 | D:7      | Identified the +9 scale mail of Wu Jian's Generosity {rN+
                  | Will+ rCorr Str-2 Int+4}
  6081 | D:8      | Noticed Pikel
  6102 | D:8      | Killed Pikel
  6463 | D:8      | Learned a level 3 spell: Mephitic Cloud
  6467 | D:8      | Learned a level 3 spell: Ignite Poison
  6799 | D:9      | Learned a level 2 spell: Call Imp
  6803 | D:9      | Learned a level 3 spell: Call Canine Familiar
  7148 | D:10     | Entered Level 10 of the Dungeon
  7589 | D:10     | Found a staircase to the Lair.
  7685 | D:10     | Reached skill level 11 in Stealth
  7954 | D:10     | Learned a level 3 spell: Confusing Touch
  8415 | Lair:1   | Entered Level 1 of the Lair of Beasts
  8431 | Lair:1   | Noticed a black mamba
  8452 | Lair:1   | Killed a black mamba
  8453 | Lair:1   | Reached XP level 11. HP: 85/87 MP: 11/19
  9320 | Lair:1   | Noticed a five-headed hydra
  9503 | D:11     | Noticed Maurice
  9609 | D:11     | Reached skill level 5 in Conjurations
  9609 | D:11     | Reached skill level 5 in Hexes
  9609 | D:11     | Reached skill level 5 in Summonings
  9609 | D:11     | Reached skill level 5 in Necromancy
  9609 | D:11     | Reached skill level 5 in Translocations
  9609 | D:11     | Reached skill level 5 in Transmutations
  9609 | D:11     | Reached skill level 5 in Fire Magic
  9609 | D:11     | Reached skill level 5 in Ice Magic
  9609 | D:11     | Reached skill level 5 in Air Magic
  9609 | D:11     | Reached skill level 5 in Earth Magic
  9609 | D:11     | Reached skill level 5 in Poison Magic
  9672 | D:11     | Noticed a two-headed ogre
  9936 | D:11     | Noticed Erolcha
  9997 | D:11     | Killed a two-headed ogre
 10584 | D:11     | Noticed a vault guard
 11066 | Lair:1   | Killed a five-headed hydra
 11186 | Lair:2   | Noticed an eight-headed hydra
 11799 | Lair:2   | Noticed an eight-headed hydra
 11804 | Lair:2   | Learned a level 3 spell: Summon Guardian Golem
 12061 | Lair:2   | You fall into a shaft and drop 1 floor!
 12070 | Lair:3   | Noticed a four-headed hydra
 12101 | Lair:3   | Killed a four-headed hydra
 12263 | Lair:3   | Reached XP level 12. HP: 64/96 MP: 22/22
 12484 | Lair:3   | Noticed a four-headed hydra
 12498 | Lair:3   | Killed a four-headed hydra
 12662 | Lair:3   | Noticed a six-headed hydra
 12683 | Lair:3   | Killed a six-headed hydra
 13078 | Lair:2   | Found a hole to the Spider Nest.
 13261 | Lair:2   | Slain by a nine-headed hydra

Illustrated notes

Levels and vault maps discovered:
D:1:      kilobyte_arrival_exit_the_forest, layout_basic,
          shapermc_ecumenical_altar_mp_urbaneastern, minmay_unequal
D:2:      layout_rooms, uniq_jessica, uniq_crazy_yiuf_cottage
D:3:      layout_basic, nicolae_overflow_crystal_walls, uniq_natasha,
          uniq_terence, uniq_sigmund
D:4:      layout_cave_pods, grunt_temple_overflow_open
D:5:      layout_loops_corners, serial_shops, nicolae_shop_statue_plus,
          minmay_shop_damaged, minmay_splitting_lines, guppyfry_shop_venom
D:6:      layout_layer_cave, chequers_temple_overflow_statue_of_worship,
          minmay_temple_entry_tees
D:7:      layout_gridville, minmay_diced_spiral
D:8:      layout_rooms, minivault_24, due_unseen_surprise, uniq_pikel
D:9:      layout_roguey
D:10:     layout_loops_ring, lair_entry_dummy, kennysheep_small_circle
D:11:     layout_stronghold, enter_trove_5, uniq_erolcha, uniq_maurice
Temple:   eino_temple_scatter_basement
Lair:1:   layout_small_grid
Lair:2:   layout_concentric_octagons, nicolae_spider_entry_orb_guardian
Lair:3:   layout_regular_city, grunt_megastairs_5, lemuel_fruit_tree

Skill      XL: |  1  2  3  4  5  6  7  8  9 10 11 12 |
---------------+-------------------------------------+-----
Stealth        | 10 11 | 11.7
Short Blades   | 1 2 3 4 5 6 7 |  7.2
Long Blades    | 1 2 3 4 5 6 7 |  7.2
Axes           | 1 2 3 4 5 6 7 |  7.2
Maces & Flails | 1 2 3 4 5 6 7 |  7.2
Staves         | 1 2 3 4 5 6 7 |  7.2
Slings         | 1 2 3 4 5 6 7 |  7.2
Bows           | 1 2 3 4 5 6 7 |  7.2
Crossbows      | 1 2 3 4 5 6 7 |  7.2
Throwing       | 1 2 3 4 5 6 7 |  7.2
Armour         | 1 2 3 4 5 6 7 |  7.2
Shields        | 1 2 3 4 5 6 7 |  7.2
Unarmed Combat | 1 2 3 4 5 6 7 |  7.2
Spellcasting   | 1 2 3 4 5 6 7 |  7.2
Invocations    | 1 2 3 4 5 6 7 |  7.9
Evocations     | 1 2 3 4 5 6 7 |  7.2
Conjurations   | 1 2 3 4 5 6 |  6.0
Hexes          | 1 2 3 4 5 6 |  6.0
Summonings     | 1 2 3 4 5 6 |  6.0
Necromancy     | 1 2 3 4 5 6 |  6.0
Translocations | 1 2 3 4 5 6 |  6.0
Transmutations | 1 2 3 4 5 6 |  6.0
Fire Magic     | 1 2 3 4 5 6 |  6.0
Ice Magic      | 1 2 3 4 5 6 |  6.0
Air Magic      | 1 2 3 4 5 6 |  6.0
Earth Magic    | 1 2 3 4 5 6 |  6.0
Poison Magic   | 1 2 3 4 5 6 |  6.0
Polearms       | 5 6 7 8 |  8.6
Dodging        | 5 6 7 8 |  8.6
Fighting       | 7 8 9 |  9.8

Action                   |  1- 3 |  4- 6 |  7- 9 | 10-12 || total
-------------------------+-------+-------+-------+-------++-------
Melee: War axe           |     2 |    10 |   171 |       ||   183
       Spear             |     1 |       |       |       ||     1
       Short sword       |    11 |    18 |       |       ||    29
       Bite              |     2 |     4 |    34 |    76 ||   116
       Hand axe          |       |       |   210 |   586 ||   796
 Fire: Fustibalus        |       |       |       |    67 ||    67
Throw: Boomerang         |       |     9 |       |     1 ||    10
       Dart              |       |       |       |     5 ||     5
 Cast: Call Imp          |       |       |       |     8 ||     8
       Call Canine Famil |       |       |       |    12 ||    12
       Confusing Touch   |       |       |       |     1 ||     1
       Summon Guardian G |       |       |       |     7 ||     7
       Mephitic Cloud    |       |       |       |     1 ||     1
       Ignite Poison     |       |       |       |     1 ||     1
Invok: Call Merchant     |       |       |       |     1 ||     1
Evoke: Wand              |     2 |     7 |       |     7 ||    16
  Use: Scroll            |     1 |       |       |    12 ||    13
       Potion            |       |       |     1 |     2 ||     3
 Stab: Sleeping          |     1 |     1 |    35 |     6 ||    43
       Distracted        |       |       |     6 |     2 ||     8
       Invisible         |       |       |     1 |       ||     1
       Confused          |       |       |       |     1 ||     1
Armor: Leather armour    |     1 |       |       |       ||     1
       Scale mail        |       |     1 |       |   267 ||   268
       Troll leather arm |       |     4 |    86 |    14 ||   104
Dodge: Dodged            |    10 |    18 |   281 |   555 ||   864
Block: Buckler           |       |       |   130 |   309 ||   439

Table legend: (Time is in decaauts)
 A = Elapsed time spent in this place.
 B = Non-inter-level travel time spent in this place.
 C = Inter-level travel time spent in this place.
 D = Time resting spent in this place.
 E = Time spent auto-exploring this place.
 F = Levels seen in this place.
 G = Mean time per level.
                   A        B        C        D        E       F      G
               +--------+--------+--------+--------+--------+-----+--------+
         Total |  13381 |  12149 |   1232 |    639 |   8564 |  15 |  892.1 |
       Dungeon |  10103 |   8973 |   1130 |    264 |   6479 |  11 |  918.5 |
        Temple |    100 |     82 |     18 |      0 |     76 |   1 |  100.0 |
          Lair |   3177 |   3093 |     84 |    375 |   2009 |   3 | 1059.0 |
               +--------+--------+--------+--------+--------+-----+--------+

Top non-repeatable levels by time:
  Lair:1: 1368 daAuts
     D:5: 1281 daAuts
    D:10: 1259 daAuts
     D:4: 1151 daAuts
    D:11: 1149 daAuts
  Lair:2: 1063 daAuts
     D:6: 967 daAuts
     D:9: 899 daAuts
     D:1: 859 daAuts
     D:7: 815 daAuts
  Lair:3: 745 daAuts
     D:3: 677 daAuts
     D:8: 584 daAuts
     D:2: 457 daAuts
  Temple: 100 daAuts
